Map: Apotheosis LE

Players

MDsN - Winner!

  • Race: Terran Terran
  • League: Silver

Gracz

  • Race: Terran Terran
  • League: Silver

VOD

Have the link to the VOD?

Description

Time

  • Played on: Oct. 23, 2016, 1:20 p.m.
  • Length: 26:14
Show
View Real Time Build Order
Export as new Build Order

MDsN Terran - Winner!

Build Orders: Mech 

Get SALT Encoding   

  12  0:00  SCV  
  13  0:13  SCV  
  14  0:18  Supply Depot  
  14  0:25  Refinery  
  14  0:27  SCV  
  15  0:41  Barracks  
  15  0:45  SCV  
  16  0:57  SCV  
  17  1:09  SCV  
  18  1:22  SCV  
  19  1:30  Supply Depot  
  19  1:31  Factory  
  19  1:34  SCV  
  19  1:35  Marine  
  21  1:46  Orbital Command  
  21  1:54  Barracks Tech Lab  
  21  2:01  Barracks  
  21  2:12  SCV  
  22  2:25  Factory Tech Lab  
  22  2:28  Stimpack  
  22  2:31  Refinery  
  22  2:32  SCV  
  23  2:37  Marauder  
  26  2:44  SCV  
  26  2:58  Marine  
  27  3:16  Marine  
  28  3:22  Siege Tank  
  28  3:25  Starport  
  31  3:35  Barracks Reactor  
  31  3:48  Supply Depot  
  31  3:50  Supply Depot  
  31  3:51  Supply Depot  
  31  3:52  Supply Depot x2  
  31  4:01  Starport Tech Lab  
  30  4:29  Factory  
  30  4:41  Factory  
  30  4:44  Starport  
  30  4:52  Cloaking Field  
  30  4:54  Marine x2  
  32  5:12  Marine x2  
  34  5:19  Factory Tech Lab  
  34  5:23  Starport Tech Lab  
  34  5:26  Factory Tech Lab  
  34  5:30  Marine x2  
  34  5:32  Siege Tank  
  38  5:47  Marine x2  
  39  6:01  Engineering Bay  
  39  6:02  Engineering Bay, Siege Tank  
  42  6:05  Marine x2  
  44  6:23  Marine x2  
  46  6:27  Medivac  
  46  6:30  Medivac  
  50  6:41  Marine x2  
  50  6:47  Missile Turret  
  52  6:48  Missile Turret  
  52  6:52  Missile Turret x2  
  52  6:56  Widow Mine  
  54  7:14  Viking  
  56  7:20  Viking  
  58  7:49  Unknown, Command Center  
  58  7:59  Viking  
  60  8:21  SCV  
  61  8:31  Marine x2  
  61  8:34  SCV  
  64  8:46  SCV  
  65  8:49  Marine x2  
  67  8:58  SCV  
  67  9:01  Unknown, Orbital Command  
  68  9:09  Siege Tank  
  71  9:10  Refinery, SCV  
  71  9:11  Marine, Refinery  
  73  9:28  Widow Mine x2  
  77  9:32  Medivac  
  77  9:36  Viking  
  81  9:47  Supply Depot  
  81  9:51  Supply Depot  
  81  9:59  SCV x2  
  83  10:10  Widow Mine x2  
  83  10:11  SCV x2  
  89  10:28  Terran Infantry Weapons Level 1  
  89  10:29  Terran Infantry Armor Level 1  
  89  10:38  Armory  
  89  10:42  SCV x2  
  91  10:54  SCV  
  92  11:03  Viking x2  
  96  11:05  Marauder  
  96  11:06  Marine  
  99  11:35  Viking  
  101  11:42  Viking  
  101  11:45  Supply Depot  
  101  11:46  Supply Depot  
  103  11:49  Supply Depot  
  103  11:50  Supply Depot  
  103  11:53  Siege Tank  
  106  12:03  Marauder  
  108  12:12  Siege Tank  
  111  12:24  Marauder  
  113  12:44  Thor x2  
  113  12:45  Marauder  
  127  12:55  Marine x2  
  129  13:13  Marine x2  
  129  13:17  Unknown, Command Center  
  131  13:29  Thor  
  131  13:30  Marine  
  83  14:29  Unknown  
  82  14:44  Marauder  
  82  14:45  Thor x3  
  100  14:57  Orbital Command  
  100  14:59  Marine x2  
  102  15:05  Marauder  
  104  15:17  Marine x2  
  106  15:25  Medivac x2  
  106  15:27  Widow Mine, Marauder  
  114  15:29  Siege Tank  
  114  15:35  Marine x2  
  118  15:39  Refinery  
  118  15:40  Refinery  
  96  15:52  Marine  
  95  15:57  Marine  
  96  16:10  Marine  
  97  16:11  Marine  
  97  16:15  Marine  
  99  16:28  Marine  
  99  16:29  Marine  
  90  16:33  Marine  
  90  16:38  Thor x3  
  109  16:40  Medivac x2  
  109  16:46  Marine  
  113  16:47  Marine  
  113  16:50  Marine  
  115  17:04  Marine  
  115  17:05  Marine  
  117  17:08  Marine  
  112  17:21  Thor  
  112  17:22  Marine x2  
  119  17:26  Marine  
  114  17:39  Marine  
  114  17:40  Marine  
  116  17:44  Marine  
  117  17:57  Marine  
  117  17:58  Barracks x3, Marine  
  118  17:59  Barracks  
  118  18:02  Marine  
  112  18:15  Marine  
  112  18:16  Marine  
  111  18:20  Marine  
  111  18:22  Thor  
  118  18:33  Marine  
  118  18:34  Marine  
  119  18:39  SCV x3  
  123  18:49  Barracks Reactor x4  
  123  18:51  Marine, SCV x3  
  127  19:03  SCV x3  
  127  19:05  Terran Infantry Weapons Level 2  
  130  19:27  Marine x5  
  130  19:28  Terran Infantry Armor Level 2  
  135  19:31  Terran Vehicle Weapons Level 1  
  135  20:16  Marine x2  
  135  20:17  Marine x6  
  135  20:19  Unknown, Command Center  
  143  20:43  Thor  
  143  20:44  Thor  
  143  20:47  Thor  
  155  20:52  Supply Depot x3  
  155  20:54  Supply Depot  
  155  20:56  Marine x3  
  155  20:57  Marine  
  109  21:07  Marine x4  
  100  21:26  Thor  
  100  21:27  Marine x4  
  100  21:28  Marine x6  
  100  21:31  Unknown  
  116  21:43  Thor  
  115  22:12  Terran Infantry Armor Level 3, Terran Infantry Weapons Level 3  
  114  22:19  Thor  
  116  22:40  Thor  
  116  22:42  SCV x2  
  116  22:43  SCV  
  123  22:51  Marine x5  
  122  22:52  Marine  
  122  22:54  SCV  
  122  22:55  SCV x2  
  122  22:58  Medivac  
  117  23:24  Marine x2  
  117  23:25  Marine x8  
  127  23:42  Marine x3  
  127  23:43  Marine x2  
  127  23:44  Refinery  
  127  23:48  Refinery  
  132  23:49  Marine x2  
  132  23:50  Marine x3  
  135  24:00  Marine x5  
  139  24:04  Thor  
  139  24:07  Marine x2  
  145  24:17  Marine x3  
  145  24:18  Marine x3  
  144  24:50  Hi-Sec Auto Tracking  
  144  24:51  Neosteel Frame  
  143  24:57  Orbital Command  
  143  25:15  Thor  
  143  25:16  Thor x2  
  143  25:17  Viking  
  163  25:33  Marine x6  
  163  25:34  Marine x4  
  173  25:53  Marine  
  173  25:54  Marine x9  
Show
View Real Time Build Order
Export as new Build Order

Gracz Terran 

Build Orders: 1/1/1, MMM Bio 

Get SALT Encoding   

  12  0:02  SCV  
  13  0:17  Supply Depot  
  13  0:35  SCV  
  13  0:40  Barracks  
  14  0:42  Refinery  
  14  0:48  SCV  
  15  0:50  Refinery  
  15  1:04  SCV  
  16  1:16  SCV  
  17  1:33  Supply Depot  
  17  1:37  Factory  
  17  1:41  Barracks  
  17  1:44  SCV  
  18  1:49  Reaper  
  19  2:01  Orbital Command  
  19  2:23  Starport  
  19  2:30  Barracks  
  19  2:37  SCV  
  19  2:39  Barracks Reactor x2  
  19  2:41  Barracks Tech Lab  
  20  2:49  SCV  
  21  2:53  Supply Depot  
  21  2:59  Factory Tech Lab  
  21  3:00  Starport Reactor  
  21  3:01  SCV  
  22  3:22  Barracks Tech Lab  
  22  3:26  Engineering Bay  
  22  3:29  Supply Depot  
  22  3:31  Stimpack  
  22  3:43  Marine x2  
  24  3:53  Marauder  
  24  3:54  Marauder  
  28  4:01  Marine x2  
  30  4:03  Banshee  
  32  4:35  Marauder  
  32  4:36  Marauder  
  32  4:37  Marine x2  
  38  4:47  Starport  
  38  4:57  Marauder  
  40  5:09  SCV  
  41  5:15  Marine  
  41  5:16  Marine  
  41  5:18  Marauder x2  
  47  5:28  Supply Depot  
  47  5:43  Liberator x2  
  47  5:50  SCV  
  51  6:04  Unknown, Command Center  
  51  6:14  Supply Depot  
  51  6:19  Marauder x2  
  51  6:21  Concussive Shells  
  55  6:30  Combat Shields  
  55  6:32  Marine x2  
  57  6:43  Engineering Bay  
  57  6:50  Medivac  
  59  6:59  Supply Depot  
  59  7:01  SCV  
  64  7:15  Unknown  
  64  7:23  Orbital Command  
  64  7:28  SCV  
  65  7:35  Supply Depot  
  61  7:43  Refinery  
  61  7:44  SCV  
  61  7:46  Refinery  
  61  7:49  Fusion Core  
  61  7:50  Terran Infantry Weapons Level 1  
  62  7:56  SCV  
  63  8:00  Terran Infantry Armor Level 1  
  63  8:04  Supply Depot  
  63  8:06  Marine x2  
  63  8:08  Marauder  
  63  8:10  Starport Reactor  
  67  8:24  SCV x2  
  69  8:36  SCV x2  
  69  8:37  Marine x3  
  69  8:38  Marine  
  75  8:48  SCV  
  76  9:01  Marine  
  76  9:02  Marine  
  80  9:03  Marauder x2  
  80  9:04  Medivac x2  
  80  9:07  SCV x2  
  88  9:13  Advanced Ballistics  
  88  9:17  Liberator  
  88  9:19  SCV, Banshee  
  88  9:22  Liberator  
  88  9:23  Marine x2  
  97  9:41  Marine x2  
  97  9:43  SCV x2  
  104  9:53  Unknown, Command Center  
  104  9:57  SCV  
  105  10:00  Marine x4  
  109  10:09  Supply Depot, SCV  
  109  10:11  Armory  
  110  10:18  Marine x2  
  112  10:31  Marine x2  
  114  10:36  Marine x2  
  116  10:49  Marine, Supply Depot  
  117  10:53  Medivac x2  
  117  10:54  Medivac x2  
  125  10:58  Terran Infantry Armor Level 2  
  125  11:05  Unknown  
  125  11:07  Orbital Command  
  125  11:14  Liberator, Supply Depot  
  125  11:15  Unknown, Command Center  
  122  11:29  Marine x2  
  122  11:30  Medivac x2  
  131  11:33  Marauder  
  131  11:34  Marauder  
  131  11:38  Refinery, SCV x2  
  131  11:39  Refinery  
  99  11:40  Liberator  
  137  11:42  Supply Depot  
  140  12:03  Marine x4  
  144  12:14  Supply Depot  
  144  12:24  SCV x3  
  144  12:26  Unknown  
  144  12:27  Orbital Command  
  147  12:43  Liberator x2  
  147  12:54  Marine x4  
  147  12:56  Supply Depot  
  151  12:58  Siege Tank  
  151  13:01  Medivac  
  151  13:02  Medivac  
  164  13:06  Terran Infantry Weapons Level 2  
  164  13:12  Marine x2  
  75  14:09  Marine  
  75  14:10  Marine x3  
  76  14:27  Marine  
  76  14:28  Marine x3  
  79  14:37  Viking x2  
  79  14:38  Viking x2  
  81  14:45  Marine  
  77  14:46  Marine  
  77  14:48  Marine x2  
  79  15:03  Marine x2  
  79  15:06  Marine  
  82  15:11  Orbital Command  
  82  15:12  Liberator x2, Terran Infantry Armor Level 3  
  82  15:21  Marine  
  83  15:22  Marauder  
  83  15:24  Marine  
  83  15:26  Marine  
  87  15:30  Medivac x2  
  87  15:31  Siege Tank  
  97  15:38  Marine  
  97  15:41  Marine  
  93  15:43  Marine  
  93  15:44  Marine  
  75  16:00  Marine  
  75  16:01  Marine x2  
  75  16:02  Marine  
  75  16:03  Siege Tank  
  82  16:05  Viking x2  
  86  16:15  SCV x4  
  90  16:18  Marine  
  90  16:19  Marine x2  
  90  16:20  Marine  
  94  16:27  SCV  
  86  16:35  Siege Tank  
  70  17:27  Liberator x2, Marine x4  
  74  17:31  Barracks  
  74  17:33  Barracks x2  
  74  17:43  Thor  
  77  17:44  Marine  
  77  17:45  Marine x3  
  85  18:17  Marine x4  
  89  18:26  Barracks Reactor x3, Thor  
  95  18:35  Marine  
  96  18:49  SCV x4  
  96  18:51  Marine x3  
  96  18:52  Marine  
  104  19:04  Marine x4  
  104  19:05  Marine x2  
  104  19:08  Marine x2  
  104  19:09  Marine  
  113  19:10  Marine  
  113  19:13  Medivac x2  
  113  19:14  Medivac x2  
  122  19:55  Siege Tank  
  122  19:56  Medivac x2  
  122  19:57  Medivac x2  
  122  19:58  Marine x6  
  122  19:59  Marine x4  
  143  20:15  Marine  
  144  20:38  Orbital Command  
  68  21:21  Marine  
  68  21:22  Marine x5  
  58  22:03  Liberator x2  
  51  22:16  Marine  
  51  22:17  Marine  
  51  22:18  Marine x8  
  51  22:22  Cyclone  
  68  22:34  Marine  
  68  22:35  Marine x7  
  68  22:36  Marine x2  
  70  22:52  Marine  
  70  22:53  Marine  
  52  23:04  Liberator x2  
  39  23:17  Marine  
  39  23:18  Marine x9  
  40  23:23  Medivac x2  
  40  23:24  Siege Tank  
  52  23:31  Refinery  
  50  23:34  Refinery  
  50  23:35  Marine  
  50  23:36  Marine x9  
  53  23:53  Marine  
  53  23:54  Marine x4  
  55  23:56  Marine x3  
  58  24:06  Marine  
  50  24:25  Reaper  
  50  24:27  Marine  
  50  24:29  Marine x6  
  51  24:45  Marine  
  37  25:03  Marine  
  36  25:07  Supply Depot  
  36  25:08  Marine  
  36  25:09  Marine  
  36  25:10  Marine  
  36  25:11  Marine x5  
  44  25:18  Widow Mine  
  44  25:21  Marine  
  47  25:26  Marine  
  47  25:27  Marine  
  47  25:28  Marine  
  49  25:29  Marine x5  
  55  25:37  Unknown, Command Center  
  55  25:39  Marine  
  56  25:44  Marine  
  56  25:45  Marine  
  56  25:46  Marine x4  
  56  25:47  Marine x2  
  66  25:56  Marine  
Tags
 
Add a new tag
Caveats
  • Supply blocks, unpowered buildings, or Contaminate may cause inaccurate times.
  • Supply counts are checked every 10 seconds.